 Dungeon Crawl Stone Soup version 0.20.0-6-gd3061e9 (webtiles) character file.

44363 ghjk the Severer (level 13, 0/183 HPs)
             Began as a Minotaur Fighter on May 28, 2017.
             Was the Champion of Okawaru.
             Slain by an ice dragon (6 damage)
             ... on level 15 of the Dungeon.
             The game lasted 00:27:55 (16544 turns).

ghjk the Severer (Minotaur Fighter)                Turns: 16544, Time: 00:27:56

Health: 0/183      AC: 17    Str: 30    XL:     13   Next: 95%
Magic:  12/12      EV: 13    Int:  5    God:    Okawaru [******]
Gold:   173        SH: 12    Dex: 11    Spells: 12/12 levels left

rFire    . . .     SeeInvis +   X - +7 broad axe (chop)
rCold    . . .     Gourm    +   c - +0 shield
rNeg     . . .     Faith    .   b - +0 scale mail
rPois    .         Spirit   .   C - +0 hat
rElec    .         Reflect  .   s - +1 cloak
rCorr    .         Harm     .   u - +0 pair of gloves
MR       .....                  (no boots)
Stlth    ..........             o - amulet of the gourmand
Regen    0.4/turn               j - ring of see invisible
MPRegen  0.2/turn               N - +4 ring of protection

@: berserking, about to teleport, marked, very quick
A: retaliatory headbutt, horns 2
a: Heroism, Finesse, Renounce Religion


You were on level 15 of the Dungeon.
You worshipped Okawaru.
Okawaru was exalted by your worship.
You were hungry.

You visited 2 branches of the dungeon, and saw 16 of its levels.

You collected 982 gold pieces.
You spent 809 gold pieces at shops.

Inventory:

Hand Weapons
 p - a +2 flail of protection
 I - a +0 battleaxe
 V - a +3 scimitar of flaming
 X - a +7 broad axe of chopping (weapon)
 Y - a +1 executioner's axe of protection
Armour
 b - a +0 scale mail (worn)
 c - a +0 shield (worn)
 s - a +1 cloak (worn)
 u - a +0 pair of gloves (worn)
 C - a +0 hat (worn)
Jewellery
 j - a ring of see invisible (left hand)
 o - an amulet of the gourmand (around neck)
 z - an uncursed ring of wizardry
 N - a +4 ring of protection (right hand)
 P - an uncursed ring of poison resistance
 U - an uncursed ring of magical power
Wands
 l - a wand of paralysis (16/24)
 q - a wand of polymorph (12/24)
 x - a wand of clouds (4/9)
 y - a wand of confusion (30/48)
 A - a wand of enslavement (10/24)
 D - a wand of enslavement (13/24)
 J - a wand of iceblast (8/15)
 Q - a wand of paralysis (16/24)
 R - a wand of lightning (10/15)
Scrolls
 e - 2 scrolls of identify
 h - 5 scrolls of teleportation
 i - 3 scrolls of recharging
 k - 5 scrolls of remove curse
 L - 2 scrolls of enchant armour
 W - 2 scrolls of enchant weapon
Potions
 a - a potion of magic
 d - 2 potions of might
 m - 4 potions of curing
 v - a potion of haste
 w - a potion of berserk rage
 H - a potion of brilliance
 K - a potion of resistance
 S - a potion of agility
 T - a potion of flight
Books
 n - a book of Misfortune

   Spells                             Type                      Level
   a - Confusing Touch                Hexes                        1
   b - Confuse                        Hexes                        3
   c - Gell's Gravitas                Translocation                3
   d - Petrify                        Transmutation/Earth          4
   e - Metabolic Englaciation         Hexes/Ice                    5
   f - Yara's Violent Unravelling     Hexes/Transmutation          5
 t - a book of Callings

   Spells                             Type                      Level
   a - Summon Small Mammal            Summoning                    1
   b - Call Imp                       Summoning                    2
   c - Call Canine Familiar           Summoning                    3
   d - Summon Guardian Golem          Hexes/Summoning              3
   e - Summon Lightning Spire         Summoning/Air                4
   f - Summon Ice Beast               Ice/Summoning                4
 B - a book of Beasts

   Spells                             Type                      Level
   a - Summon Butterflies             Summoning                    1
   b - Call Canine Familiar           Summoning                    3
   c - Summon Ice Beast               Ice/Summoning                4
   d - Summon Mana Viper              Hexes/Summoning              5
   e - Summon Hydra                   Summoning                    7
 E - a book of Spatial Translocations

   Spells                             Type                      Level
   a - Blink                          Translocation                2
   b - Shroud of Golubria             Charms/Translocation         2
   c - Lesser Beckoning               Translocation                3
   d - Gell's Gravitas                Translocation                3
   e - Teleport Other                 Translocation                3
   f - Passage of Golubria            Translocation                4
 M - a book of Enchantments

   Spells                             Type                      Level
   a - Cause Fear                     Hexes                        4
   b - Yara's Violent Unravelling     Hexes/Transmutation          5
   c - Silence                        Hexes/Air                    5
   d - Deflect Missiles               Charms/Air                   6
   e - Discord                        Hexes                        8
 O - a book of Death

   Spells                             Type                      Level
   a - Corpse Rot                     Necromancy                   2
   b - Sublimation of Blood           Necromancy                   2
   c - Agony                          Necromancy                   5
   d - Dispel Undead                  Necromancy                   5
   e - Excruciating Wounds            Charms/Necromancy            5
   f - Bolt of Draining               Conjuration/Necromancy       5
Comestibles
 f - 10 bread rations
 g - 5 meat rations
 F - 8 royal jellies


   Skills:
 + Level 13.1 Fighting
 + Level 18.2 Axes
 + Level 2.1(12.5) Maces & Flails
 * Level 13.7 Armour
 + Level 7.5 Dodging
 - Level 8.0 Shields
 + Level 1.3 Invocations


You had 12 spell levels left.
You didn't know any spells.

Dungeon Overview and Level Annotations

Branches:
Dungeon (15/15)            Temple (1/1) D:6            Lair (0/6) D:10
    Orc (0/2) D:10         Vaults (0/5) D:14         Depths (0/5) D:15

Altars:
Ashenzari
Cheibriados
Dithmenos
Elyvilon
Fedhas
Gozag
Hepliaklqana
Kikubaaqudgha
Makhleb
Nemelex Xobeh
Okawaru
Qazlal
Ru
Sif Muna
Trog
Uskayaw
Vehumet
Xom
Yredelemnul
Zin
The Shining One
Beogh
Jiyva

Shops:
D:5 =   D:7 %   D:9 !   D:13 }?   D:14 %

Portals:
Trove: D:13 (give ring of Phasing)

Annotations:
D:6 2 runed doors


Innate Abilities, Weirdness & Mutations

You reflexively headbutt those who attack you in melee.
You have a pair of horns on your head.


Message History

* * * LOW HITPOINT WARNING * * *
The ice dragon claws you but does no damage.
You block the ice dragon's attack.
Unknown command.
You slice the fire dragon!! You headbutt the fire dragon!
The fire dragon is severely wounded.
You hit the ice dragon.
The fire dragon bites you but does no damage.
You block the fire dragon's attack.
The fire dragon tramples you but does no damage.
Unknown command.
Unknown command.
You slice the fire dragon!!
You kill the fire dragon!
Okawaru is honoured by your kill.
The fire dragon scales are intact enough to wear.
You slash the ice dragon! The ice dragon closely misses you.
You furiously retaliate!
You headbutt the ice dragon! You block the ice dragon's attack.
The ice dragon tramples you.
You die...

#..........# ..
#.....z)...# .
#..%..yWy)y#
.###.....D.9y....
..###########.y..
#..# .y. #.$# .
#[D# #@$# #.$#
..## #>## ##


You could see an ice dragon.

Vanquished Creatures
  Agnes (D:14)
  Gastronok (D:9)
  Azrael (D:14)
  Snorg (D:14)
  A fire dragon (D:15)
  A yaktaur captain (D:14)
  2 hydras
  Erica (D:9)
  2 centaur warriors (D:14)
  A death knight (D:15)
  2 two-headed ogres
  3 death yaks (D:10)
  A skeletal warrior (D:15)
  The ghost of PeterMcNeter the Stinger, a novice FoVM of Cheibriados (D:6)
  An unseen horror (D:10)
  Pikel (D:4)
  A wolf spider zombie (D:14)
  9 ugly things
  2 manticores
  5 cyclopes
  2 centaur zombies
  2 gargoyles (D:11)
  An efreet (D:13)
  3 kobold demonologists (D:14)
  A yaktaur (shapeshifter) (D:14)
  A komodo dragon (D:15)
  2 yaktaurs (D:14)
  2 guardian mummies (D:13)
  2 freezing wraiths (D:15)
  4 trolls
  A meliai (D:11)
  Grinder (D:3)
  2 hornets (D:10)
  A hippogriff (shapeshifter) (D:14)
  5 slime creatures
  3 hippogriffs
  3 shadows
  A wyvern (D:11)
  A water elemental (D:15)
  A wraith (D:14)
  2 vampires
  17 yaks
  4 hungry ghosts
  Eustachio (D:6)
  A basilisk (D:12)
  5 fire elementals (D:14)
  4 vampire mosquitoes (D:13)
  A soldier ant (D:10)
  Edmund (D:6)
  An acid dragon (D:14)
  2 hell hounds (D:14)
  A water moccasin (D:7)
  4 phantoms
  8 ice beasts
  7 orc warriors
  A slave (D:4)
  A black bear (D:8)
  3 eyes of draining
  2 sky beasts
  9 ogres
  2 crocodiles
  5 centaurs
  2 big kobolds
  12 bullfrogs
  5 scorpions
  A water moccasin skeleton (D:6)
  4 killer bees (D:7)
  13 wights
  3 howler monkeys
  7 crimson imps
  3 bullfrog zombies
  A quasit (D:7)
  6 centaur skeletons
  2 hounds
  7 orc priests
  3 bullfrog skeletons
  7 jellies
  14 orc wizards
  Crazy Yiuf (D:3)
  7 iguanas
  Terence (D:3)
  13 worker ants
  A hound zombie (D:11)
  A hound skeleton (D:6)
  2 worker ant zombies
  16 adders
  7 shadow imps
  2 adder skeletons
  5 worms
  3 dart slugs
  2 leopard geckos
  54 orcs
  2 ball pythons
  6 bats
  11 giant cockroaches
  9 goblins
  6 hobgoblins
  8 jackals
  9 quokkas
  6 frilled lizards
  A jackal skeleton (D:6)
  24 kobolds
  A quokka skeleton (D:8)
  A quokka zombie (D:8)
  9 rats
457 creatures vanquished.

Vanquished Creatures (others)
  A wight (D:15)
1 creature vanquished.

Grand Total: 458 creatures vanquished

Notes
Turn   | Place    | Note
-------+----------+-------------------------------------------
     0 | D:1      | ghjk the Minotaur Fighter began the quest for the Orb.
     0 | D:1      | Reached XP level 1. HP: 19/19 MP: 0/0
   183 | D:1      | Reached XP level 2. HP: 24/27 MP: 1/1
   471 | D:1      | Reached skill level 3 in Axes
   667 | D:1      | Reached XP level 3. HP: 33/33 MP: 2/2
   895 | D:2      | Found a hide-covered altar of Uskayaw.
   966 | D:2      | Found a snail-covered altar of Cheibriados.
  1039 | D:2      | Found a faded altar of an unknown god.
  1100 | D:2      | Reached XP level 4. HP: 40/40 MP: 3/3
  1157 | D:2      | Reached skill level 4 in Axes
  1456 | D:3      | Found a sacrificial altar of Ru.
  1458 | D:3      | Noticed Grinder
  1468 | D:3      | Killed Grinder
  1468 | D:3      | Reached skill level 6 in Axes
  1468 | D:3      | Reached XP level 5. HP: 28/46 MP: 4/4
  1468 | D:3      | Reached XP level 6. HP: 31/52 MP: 5/5
  1521 | D:3      | Noticed Terence
  1528 | D:3      | Killed Terence
  1665 | D:3      | Found a runed door.
  1987 | D:3      | Noticed Crazy Yiuf
  1990 | D:3      | Killed Crazy Yiuf
  1990 | D:3      | Reached skill level 1 in Dodging
  2269 | D:4      | Noticed a slave
  2269 | D:4      | Noticed a slave
  2269 | D:4      | Noticed a slave
  2270 | D:4      | Noticed Pikel
  2274 | D:4      | Killed a slave
  2277 | D:4      | Noticed a slave
  2282 | D:4      | Killed Pikel
  2282 | D:4      | Reached skill level 8 in Axes
  2282 | D:4      | Reached skill level 5 in Armour
  2282 | D:4      | Reached XP level 7. HP: 38/60 MP: 6/6
  2308 | D:4      | Found a glowing golden altar of the Shining One.
  2310 | D:4      | Found a glowing silver altar of Zin.
  2814 | D:5      | Entered Level 5 of the Dungeon
  2815 | D:5      | Found Amumyg's Jewellery Emporium.
  2907 | D:5      | Reached skill level 9 in Axes
  2907 | D:5      | Reached XP level 8. HP: 66/67 MP: 7/7
  2933 | D:5      | Reached skill level 5 in Fighting
  2933 | D:5      | Reached skill level 5 in Shields
  3373 | D:5      | Reached skill level 10 in Axes
  3955 | D:6      | Found a large runed door.
  3959 | D:6      | Found a large runed door.
  3994 | D:6      | Found a large runed door.
  3994 | D:6      | Found a large runed door.
  4025 | D:6      | Noticed PeterMcNeter's ghost (novice FoVM)
  4045 | D:6      | Killed PeterMcNeter's ghost
  4045 | D:6      | Reached skill level 11 in Axes
  4045 | D:6      | Reached XP level 9. HP: 14/75 MP: 8/8
  4213 | D:6      | Noticed Edmund
  4231 | D:6      | Killed Edmund
  4293 | D:6      | Found a white marble altar of Elyvilon.
  4773 | D:6      | Reached skill level 12 in Axes
  4937 | D:6      | Found a staircase to the Ecumenical Temple.
  4951 | D:6      | Noticed Eustachio
  4963 | D:6      | Killed Eustachio
  4982 | Temple   | Entered the Ecumenical Temple
  5069 | Temple   | Became a worshipper of Warmaster Okawaru
  5348 | D:6      | Reached skill level 13 in Axes
  5410 | D:6      | Reached XP level 10. HP: 84/84 MP: 9/9
  5533 | D:6      | Noticed a brown ugly thing
  5547 | D:6      | Killed a brown ugly thing
  6043 | D:6      | Reached * piety under Okawaru
  6411 | D:7      | Found Toenimim's Food Shop.
  6411 | D:7      | Found an opulent altar of Gozag.
  6423 | D:7      | Bought a bread ration for 55 gold pieces
  6423 | D:7      | Bought a bread ration for 55 gold pieces
  6423 | D:7      | Bought a meat ration for 55 gold pieces
  6423 | D:7      | Bought a bread ration for 55 gold pieces
  6423 | D:7      | Bought a meat ration for 55 gold pieces
  6591 | D:7      | Found a shimmering altar of Xom.
  6592 | D:7      | Found a hazy altar of Hepliaklqana.
  6745 | D:7      | Found a stormy altar of Qazlal.
  6746 | D:7      | Found a blossoming altar of Fedhas.
  6931 | D:8      | You fall through a shaft for 2 floors!
  6931 | D:10     | Entered Level 10 of the Dungeon
  6965 | D:10     | Noticed a death yak
  6988 | D:9      | Reached ** piety under Okawaru
  6996 | D:9      | Reached skill level 14 in Axes
  7033 | D:9      | Noticed Gastronok
  7048 | D:9      | Killed Gastronok
  7139 | D:8      | Found a shadowy altar of Dithmenos.
  7846 | D:8      | Reached XP level 11. HP: 83/93 MP: 10/10
  8250 | D:9      | Noticed Erica
  8257 | D:9      | Killed Erica
  8257 | D:9      | Reached *** piety under Okawaru
  8257 | D:9      | Reached skill level 15 in Axes
  8413 | D:9      | Found a viscous altar of Jiyva.
  8471 | D:9      | Found Sezerroq's Distillery.
  8484 | D:9      | Bought a potion of heal wounds for 60 gold pieces
  8484 | D:9      | Bought a potion of heal wounds for 60 gold pieces
  8484 | D:9      | Bought 2 potions of curing for 72 gold pieces
  8770 | D:10     | Killed a death yak
  8770 | D:10     | Reached **** piety under Okawaru
  8777 | D:10     | Found a staircase to the Lair.
  8779 | D:10     | Noticed a death yak
  8779 | D:10     | Noticed a death yak
  8788 | D:10     | Killed a death yak
  8813 | D:10     | Killed a death yak
  8813 | D:10     | Reached ***** piety under Okawaru
  8813 | D:10     | Reached skill level 10 in Armour
  9159 | D:10     | Received a gift from Okawaru
  9164 | D:10     | Noticed an unseen horror
  9177 | D:10     | Killed an unseen horror
  9498 | D:10     | Found a roughly hewn altar of Beogh.
  9498 | D:10     | Found a staircase to the Orcish Mines.
  9684 | D:10     | Reached skill level 16 in Axes
 10021 | D:11     | Reached skill level 5 in Dodging
 10340 | D:11     | Reached XP level 12. HP: 104/104 MP: 11/11
 10351 | D:11     | Noticed an eight-headed hydra
 10636 | D:11     | Killed an eight-headed hydra
 11231 | D:11     | Reached skill level 10 in Fighting
 11231 | D:11     | Reached skill level 1 in Maces & Flails
 11539 | D:12     | Noticed a two-headed ogre
 11549 | D:12     | Killed a two-headed ogre
 12379 | D:13     | Received a gift from Okawaru
 12800 | D:13     | Found Sigiax's Quality Used Wands.
 12964 | D:13     | Found a portal to a secret trove of treasure.
 13574 | D:13     | Found Qydus's Magic Scroll Shoppe.
 13586 | D:13     | Bought a scroll of identify for 36 gold pieces
 13586 | D:13     | Bought a scroll of enchant weapon for 135 gold pieces
 13586 | D:13     | Bought a scroll of enchant weapon for 135 gold pieces
 13586 | D:13     | Bought a scroll of identify for 36 gold pieces
 13729 | D:14     | Found a gate to the Vaults.
 13732 | D:14     | Noticed a yaktaur captain
 13747 | D:14     | Killed a yaktaur captain
 13747 | D:14     | Reached XP level 13. HP: 39/117 MP: 6/12
 14065 | D:14     | Reached skill level 17 in Axes
 14132 | D:14     | Received a gift from Okawaru
 14140 | D:14     | Noticed Azrael
 14147 | D:14     | Killed Azrael
 14392 | D:14     | Received a gift from Okawaru
 14395 | D:14     | Got a jewelled hand axe {god gift}
 14396 | D:14     | Identified the +7 hand axe of Niuts {chop, +Inv rElec rC+ Str+4} (Okawaru gifted it to you on level 14 of the Dungeon)
 14409 | D:14     | Noticed Snorg
 14425 | D:14     | Killed Snorg
 14774 | D:14     | Found Zaphifev's Food Boutique.
 14867 | D:14     | Noticed Agnes
 14880 | D:14     | Killed Agnes
 15544 | D:14     | Received a gift from Okawaru
 15923 | D:15     | Entered Level 15 of the Dungeon
 15928 | D:15     | Reached skill level 1 in Invocations
 15944 | D:15     | Reached skill level 18 in Axes
 15960 | D:15     | Reached ****** piety under Okawaru
 16530 | D:15     | Noticed a fire dragon
 16532 | D:15     | Received a gift from Okawaru
 16538 | D:15     | HP: 5/122 [skeletal warrior/short sword (17)]
 16539 | D:15     | Found a staircase to the Depths.
 16540 | D:15     | Noticed a fire dragon
 16544 | D:15     | Killed a fire dragon
 16544 | D:15     | Slain by an ice dragon

Skill      XL: |  1  2  3  4  5  6  7  8  9 10 11 12 13 |
---------------+----------------------------------------+-----
Armour         | 4 5 6 7 8 10 12 13 | 13.7
Shields        | 4 5 6 7 8 |  8.0
Axes           | 3 6 8 9 11 13 14 16 18 | 18.2
Fighting       | 4 5 6 7 9 11 13 | 13.1
Dodging        | 1 2 3 4 5 6 7 |  7.5
Maces & Flails | 2 |  2.1
Invocations    | 1 |  1.3

Action                   |  1- 3 |  4- 6 |  7- 9 | 10-12 | 13-15 || total
-------------------------+-------+-------+-------+-------+-------++-------
Melee: War axe           |    96 |   103 |   230 |   751 |       ||  1180
       Headbutt          |    13 |    21 |    50 |   167 |    56 ||   307
       Broad axe         |       |       |       |     8 |   181 ||   189
       Flail             |       |       |       |     3 |    10 ||    13
       Hand axe          |       |       |       |       |    21 ||    21
Invok: Heroism           |       |       |       |     2 |       ||     2
       Finesse           |       |       |       |     1 |     1 ||     2
  Use: Scroll            |     3 |     4 |     6 |    12 |     6 ||    31
       Potion            |       |       |     4 |     5 |     5 ||    14
 Stab: Paralysed         |       |     1 |       |       |       ||     1
       Distracted        |       |       |       |       |     1 ||     1
  Eat: Chunk             |       |     4 |    11 |    15 |       ||    30
       Royal jelly       |       |       |     1 |     2 |     2 ||     5
       Meat ration       |       |       |       |     1 |       ||     1
       Fruit             |       |       |       |    12 |       ||    12
Armor: Scale mail        |    47 |    30 |    50 |   198 |    65 ||   390
Dodge: Dodged            |    38 |    25 |    52 |   210 |    75 ||   400
Block: Shield            |    54 |    37 |    79 |   315 |    97 ||   582
